 Dungeon Crawl Stone Soup version 0.32-a0-473-gd044c6f0f0 (webtiles) character file.

Game seed: 6239141477393409195

336 jasper the Cleaver (level 6, -2/51 HPs)
             Began as a Mountain Dwarf Cinder Acolyte on Feb 25, 2024.
             Was a High Priest of Ignis.
             Slain by an ogre
             ... wielding a +0 giant spiked club
              (20 damage)
             ... on level 5 of the Dungeon.
             The game lasted 00:04:26 (2082 turns).

jasper the Cleaver (Mountain Dwarf Cinder Acolyte)  Turns: 2082, Time: 00:04:26

Health: -2/51      AC: 16    Str: 19    XL:     6   Next: 28%
Magic:  7/7        EV:  7    Int: 14    God:    Ignis [*****.]
Gold:   133        SH:  5    Dex:  5    Spells: 7/7 levels left

rFire   + . .        a - +0 hand axe (flame)
rCold   + . .        (no shield)
rNeg    . . .        u - +0 chain mail
rPois   .            q - +0 helmet
rElec   .            (no cloak)
rCorr   .            (no gloves)
SInv    .            (no boots)
Will    .....        s - amulet of reflection Stlth
                     d - ring of flight
HPRegen 0.28/turn    p - ring of protection from cold
MPRegen 0.10/turn

%: reflection
@: weak-willed, fiery-armoured, flying
A: runic magic, artefact enchanting
a: Renounce Religion, Fiery Armour, Foxfire Swarm, Rising Flame


You were on level 5 of the Dungeon.
You worshipped Ignis.
Ignis was extremely pleased with you.
You visited 1 branch of the dungeon, and saw 5 of its levels.

You collected 133 gold pieces.

Inventory:

Hand Weapons
 a - a +0 hand axe of flaming (weapon)
 t - a +0 hand axe
Missiles
 e - 26 stones (quivered)
 r - 4 boomerangs
Armour
 b - a +0 robe
 c - a +0 ring mail
 q - a +0 helmet (worn)
 u - a +0 chain mail (worn)
Jewellery
 d - a ring of flight (left hand)
 p - a ring of protection from cold (right hand)
 s - an amulet of reflection (around neck)
Talismans
 j - a beast talisman
Scrolls
 g - a scroll of revelation
 k - 2 scrolls of enchant weapon
 m - 3 scrolls of teleportation
 o - a scroll of vulnerability
Potions
 f - 2 potions of enlightenment
 i - 2 potions of curing


   Skills:
 - Level 3.2 Fighting
 + Level 8.6 Axes
 - Level 1.0 Spellcasting
 - Level 3.6 Fire Magic


You had 7 spell levels left.
You didn't know any spells.
Your spell library contained the following spells:

 Spells                   Type           Power      Damage    Failure   Level
 Scorch                   Fire           20%        2d5       16%         2
 Gell's Gravitas          Tloc           0%         N/A       80%         3
 Ozocubu's Armour         Ice            0%         N/A       80%         3
 Teleport Other           Tloc           0%         N/A       80%         3
 Metabolic Englaciation   Hex/Ice        0%         N/A       100%        5
 Dispersal                Tloc           0%         N/A       100%        6
 Sculpt Simulacrum        Ice/Alch       0%         N/A       100%        6


Dungeon Overview and Level Annotations

Branches:
Dungeon (5/15)
 Temple: D:4-7

Altars:

Annotations:
D:4 Pikel


Innate Abilities, Weirdness & Mutations

Your spellcasting is much less encumbered by armour.
You can use scrolls of enchantment on lesser artefacts.


Message History

A hound and an ogre come into view.
The hound barks!
The ogre shouts!
A scorpion comes into view.
Unknown command.
Okay, then.
You hit the ogre. You burn the ogre.
The ogre is lightly wounded.
You hear the slow rusting of a very distant drain.
The ogre barely misses you.
You closely miss the ogre.
The ogre is lightly wounded.
You block the ogre's attack.
You hit the ogre. You burn the ogre.
The ogre is lightly wounded.
You closely miss the hound. The hound bites you but does no damage.
The hound is burned by your cloak of flames.
The hound is lightly wounded.
You hit the ogre. You burn the ogre.
The ogre is moderately wounded.
You closely miss the scorpion. You hit the hound. You burn the hound.
You block the hound's attack. The ogre barely misses you.
The scorpion stings you but does no damage.
The scorpion is burned by your cloak of flames.
The scorpion is lightly wounded.
The hound bites you but does no damage.
The hound is burned by your cloak of flames.
The hound is almost dead.
You barely miss the ogre.
The ogre is moderately wounded.
You hit the scorpion. You burn the scorpion.
You hit the hound but do no damage. The hound bites you but does no damage.
The hound is burned by your cloak of flames.
You kill the hound!
You block the scorpion's attack.
You hit the ogre. You burn the ogre.
The ogre is moderately wounded.
You hit the scorpion but do no damage.
The ogre hits you with a +0 giant spiked club!!
You die...
Ignis goes out, and joins you in death.

,,,,* *,,,,,* ,,,,* *,,,..*
*###***
,,,,*****,,,,.#######...,,*
,,,,,,*,*##**#..........,,*
,,,,,,*,,...,#..........,,*
,,,,,,*,,....#..........,,*
,,,,,,*,,,,..'..........,,*
,,,,,,*,,,,,##.......#*****
,,,,,,*,,,,,#..O@....#
,,,,,,*,,,,,+..s.....#
,,,,,,*,,,,,#........#
,,,,,,*,,,,,#........#
,,,,,,******#........#
*****,,,,,,,.........#
*,,,*,,,,,,..........#
*,,,*,,,,,...........#
*,,,*,,,,,,,,,,,,,,,,*


You could see an ogre and a scorpion.

Vanquished Creatures
  2 scorpions
  2 bombardier beetles
  A hound (D:5)
  An orc priest (D:5)
  Robin (D:3)
  3 adders (D:3)
  5 orcs (D:5)
  8 ball pythons
  6 endoplasms
  A giant cockroach (D:1)
  9 goblins
  8 hobgoblins
  3 jackals
  4 kobolds
  A bat (D:1)
  3 frilled lizards
  4 rats
62 creatures vanquished.

Vanquished Creatures (others)
  A bat (D:3)
1 creature vanquished.

Grand Total: 63 creatures vanquished

Notes
Turn   | Place    | Note
-------+----------+-------------------------------------------
     0 | D:1      | jasper the Mountain Dwarf Cinder Acolyte began the quest
                  | for the Orb.
     0 | D:1      | Reached XP level 1. HP: 19/19 MP: 2/2
   166 | D:1      | Reached skill level 4 in Axes
   349 | D:1      | Reached XP level 2. HP: 26/26 MP: 3/3
  1042 | D:2      | Reached skill level 5 in Axes
  1121 | D:3      | Found a faded altar of an unknown god.
  1151 | D:3      | Reached XP level 3. HP: 30/31 MP: 4/4
  1312 | D:3      | Noticed Robin
  1329 | D:3      | Killed Robin
  1330 | D:3      | Reached skill level 6 in Axes
  1330 | D:3      | Reached XP level 4. HP: 25/38 MP: 5/5
  1867 | D:4      | Noticed Pikel
  1870 | D:4      | Noticed a lemure
  1898 | D:4      | Noticed a scorpion
  1902 | D:4      | Killed a scorpion
  1903 | D:4      | Reached skill level 7 in Axes
  1903 | D:4      | Reached XP level 5. HP: 45/45 MP: 6/6
  1975 | D:5      | Entered Level 5 of the Dungeon
  2024 | D:5      | Reached skill level 8 in Axes
  2053 | D:5      | Reached XP level 6. HP: 13/51 MP: 7/7
  2082 | D:5      | Slain by an ogre

Illustrated notes

Levels and vault maps discovered:
D:1:      matt_arrival_grand_opening, layout_loops_ring, minmay_pentomino_o4
D:2:      cheibrodos_old_hovel, layout_loops_ring, minmay_misc_feat_doors
D:3:      layout_rooms, ebering_ecumenical_altar_box, serial_bayou_lagoon_a,
          uniq_robin
D:4:      layout_loops_ring, nicolae_dithmenos_through_a_glass_darkly,
          kennysheep_generic_room_4, uniq_pikel
D:5:      layout_gridville, cheibrodos_sewer_entry_drain, serial_shops, shop,
          kennysheep_generic_room_14

Skill      XL: |  1  2  3  4  5 |
---------------+----------------+-----
Axes           | 4 5 6 7 8 |  8.6
Fighting       | |  3.2
Spellcasting   | |  1.0
Fire Magic     | |  3.6

Action                     |  1- 3 |  4- 6 || total
---------------------------+-------+-------++-------
  Melee: Hand axe          |    88 |    86 ||   174
  Throw: Stone             |     1 |       ||     1
 Invoke: Fiery Armour      |     1 |     2 ||     3
    Use: Scroll            |       |     8 ||     8
 Armour: Ring mail         |    49 |    49 ||    98
         Chain mail        |       |     5 ||     5
  Dodge: Dodged            |    36 |    47 ||    83
  Block: Other             |       |     6 ||     6

Table legend: (Time is in decaauts)
 A = Elapsed time spent in this place.
 B = Non-inter-level travel time spent in this place.
 C = Inter-level travel time spent in this place.
 D = Time resting spent in this place.
 E = Time spent auto-exploring this place.
 F = Levels seen in this place.
 G = Mean time per level.
                   A        B        C        D        E       F      G
               +--------+--------+--------+--------+--------+-----+--------+
         Total |   2082 |   2027 |     55 |    257 |   1216 |   5 |  416.4 |
       Dungeon |   2082 |   2027 |     55 |    257 |   1216 |   5 |  416.4 |
               +--------+--------+--------+--------+--------+-----+--------+

Top non-repeatable levels by time:
     D:1: 986 daAuts
     D:3: 791 daAuts
     D:2: 107 daAuts
     D:5: 103 daAuts
     D:4: 93 daAuts
